 Dungeon Crawl Stone Soup version 0.17-a0-1617-gfba1302 (webtiles) character file.

3581 karlkraus the Blocker (level 9, -3/89 HPs)
             Began as a Minotaur Fighter on Aug 2, 2015.
             Was an Initiate of Ru.
             Killed by divine providence
             ... invoked by an orc priest
              (15 damage)
             ... on level 8 of the Dungeon.
             The game lasted 00:17:23 (5565 turns).

karlkraus the Blocker (Minotaur Fighter)            Turns: 5565, Time: 00:17:23

Health: -3/89      AC: 15    Str: 24    XL:     9   Next: 84%
Magic:  8/8        EV:  9    Int: 11    God:    Ru [......]
Gold:   446        SH: 14    Dex: 10    Spells: 0 memorised, 8 levels left

rFire  + . .     SeeInvis .     y - +2 morningstar
rCold  x . .     Clarity  .     l - +0 chain mail
rNeg   . . .     SustAt   .     c - +0 shield
rPois  .         Gourm    .     (helmet restricted)
rElec  .         Spirit   .     s - +1 cloak {+Inv}
rCorr  .         Warding  .     (no gloves)
rMut   .         Stasis   .     (no boots)
MR     .....                    (no amulet)
Stlth  ..........               x - ring of fire
                                h - +6 ring of intelligence

@: not resistant to hostile enchantments, extremely unstealthy
A: retaliatory headbutt, fangs 1, horns 2, large bone plates 1, robust 1,
screaming 1
a: Renounce Religion, Evoke Invisibility


You were on level 8 of the Dungeon.
You worshipped Ru.
Ru was noncommittal.
You were hungry.

You visited 2 branches of the dungeon, and saw 9 of its levels.

You collected 446 gold pieces.

Inventory:

Hand weapons
 t - a +1 hammer
 y - a +2 morningstar (weapon)
Armour
 c - a +0 shield (worn)
 l - a +0 chain mail (worn)
 s - a +1 cloak of invisibility (worn)
Jewellery
 h - a +6 ring of intelligence (left hand)
 i - a +3 ring of intelligence
 x - a ring of fire (right hand)
 I - a +4 ring of evasion {unknown}
Magical devices
 a - a wand of draining (7)
 J - a wand of lightning (7)
Scrolls
 d - 2 scrolls of fog
 f - 6 scrolls of remove curse
 k - 5 scrolls of identify
 n - 3 scrolls of teleportation
 p - 2 scrolls of recharging
 r - a scroll of noise
 w - 2 scrolls of magic mapping
 G - a scroll of enchant armour
Potions
 b - a potion of magic {unknown}
 j - 2 potions of invisibility {unknown}
 m - 2 potions of flight {unknown}
 o - a potion of curing {unknown}
 u - 2 potions of brilliance {unknown}
 v - 5 potions of heal wounds {unknown}
 z - a potion of lignification
 A - 2 potions of haste
 B - a potion of cure mutation
 D - a potion of poison {unknown}
Books
 H - a book of the Tempests

   Spells                             Type                      Level
   a - Static Discharge               Conjuration/Air              3
   b - Lightning Bolt                 Conjuration/Air              5
   c - Fireball                       Conjuration/Fire             5
   d - Tornado                        Air                          9
   e - Shatter                        Earth                        9
Comestibles
 e - 7 bread rations
 g - 2 beef jerkies
 q - 2 meat rations
 C - a slice of pizza
 E - a chunk of flesh


   Skills:
 + Level 7.8 Fighting
 + Level 8.6 Maces & Flails
 + Level 7.7 Armour
 + Level 4.7 Dodging
 + Level 0.3 Stealth
 + Level 10.3 Shields


You had 8 spell levels left.
You didn't know any spells.

Dungeon Overview and Level Annotations

Branches:
Dungeon (8/15)             Temple (1/1) D:6            Lair (0/8) D:8

Altars:
Ashenzari
Cheibriados
Dithmenos
Elyvilon
Fedhas
Gozag
Kikubaaqudgha
Makhleb
Nemelex Xobeh
Okawaru
Qazlal
Ru
Sif Muna
Trog
Vehumet
Xom
Yredelemnul
The Shining One

Shops:
D:5 :


Innate Abilities, Weirdness & Mutations

You reflexively headbutt those who attack you in melee.
You have a pair of horns on your head.
You occasionally shout uncontrollably at your foes.
You have very sharp teeth.
You are partially covered in large bone plates (AC +2, SH +2).
You are robust (+10% HP).


Message History

You block the orc priest's attack. The orc barely misses you.
You sock the orc priest!
You headbutt the orc priest, but do no damage.
The orc priest is almost dead.
The orc priest hits you but does no damage.
You block the orc's attack.
You closely miss the orc priest. Your headbutt misses the orc priest.
The orc priest is almost dead.
You block the orc priest's attack. The orc hits you with a short sword.
* * * LOW HITPOINT WARNING * * *
You closely miss the orc priest.
The orc priest is almost dead.
The orc priest hits you with a flail.
* * * LOW HITPOINT WARNING * * *
You block the orc's attack.
You closely miss the orc priest.
The orc priest is almost dead.
The orc priest mumbles some strange prayers to Beogh against you.
Something smites you!
You die...

#.# #.# #.##..#####.#. #.# #.#
#.##... ...#. #.# ###.###
##.##.......... #.#
#.....########...####.......
#.###..#####..............######
#........^.#######...######
####.####### ##.## #.# #####.###
#.# #@o)...)# #.# #o#.###.#
#.#####.# #.#.# .# #.(.....#
#.#.# # #######.##### #.#.#
......#.# #.#.# #####†#)# #.#.#
#....########.#.. #.#..........


You could see an orc priest and an orc.

Vanquished Creatures
  A hippogriff (D:8)
  A hungry ghost (D:8)
  A water moccasin (D:8)
  3 sky beasts
  2 orc warriors
  2 ogres
  A necrophage (D:8)
  An ice beast (D:7)
  2 centaurs
  2 giant frogs
  A gnoll sergeant (D:8)
  2 big kobolds (D:8)
  4 scorpions
  6 killer bees (D:8)
  4 wights (D:6)
  A crimson imp (D:8)
  3 jellies
  3 iguanas
  7 orc wizards
  Crazy Yiuf (D:2)
  2 giant frog skeletons
  3 orc priests
  Jessica (D:2)
  3 hounds
  8 worker ants
  15 gnolls
  A worker ant zombie (D:7)
  14 adders
  A shadow imp (D:5)
  3 oozes
  2 worms
  2 giant geckos
  27 orcs
  4 giant cockroaches
  6 hobgoblins
  11 jackals
  5 quokkas
  2 ball pythons
  6 bats
  3 giant newts
  9 goblins
  17 kobolds
  11 rats
  A fungus (D:8)
205 creatures vanquished.

Notes
Turn   | Place    | Note
--------------------------------------------------------------
     0 | D:1      | karlkraus the Minotaur Fighter began the quest for the Orb.
     0 | D:1      | Reached XP level 1. HP: 19/19 MP: 0/0
    87 | D:1      | Reached XP level 2. HP: 24/27 MP: 1/1
   181 | D:1      | Reached skill level 4 in Fighting
   642 | D:2      | Reached XP level 3. HP: 33/33 MP: 2/2
   720 | D:2      | Reached XP level 4. HP: 33/40 MP: 3/3
   723 | D:2      | Reached skill level 1 in Dodging
  1117 | D:2      | Reached skill level 5 in Shields
  1117 | D:2      | Reached XP level 5. HP: 41/47 MP: 4/4
  1212 | D:2      | Noticed Jessica
  1219 | D:2      | Killed Jessica
  1397 | D:2      | Noticed Crazy Yiuf
  1407 | D:2      | Killed Crazy Yiuf
  1671 | D:3      | Found an opulent altar of Gozag.
  1845 | D:3      | Reached XP level 6. HP: 51/53 MP: 5/5
  2051 | D:4      | Reached skill level 5 in Armour
  2057 | D:4      | Gained mutation: You have very sharp teeth. [mutagenic meat]
  2223 | D:4      | Reached skill level 6 in Shields
  2389 | D:4      | Reached skill level 5 in Fighting
  2389 | D:4      | Reached XP level 7. HP: 56/61 MP: 6/6
  2888 | D:4      | Reached skill level 5 in Maces & Flails
  3034 | D:5      | Entered Level 5 of the Dungeon
  3132 | D:5      | Found Leddaahi's Book Emporium.
  3254 | D:5      | Reached skill level 7 in Shields
  3405 | D:5      | Reached XP level 8. HP: 56/70 MP: 7/7
  3558 | D:6      | Found a staircase to the Ecumenical Temple.
  3583 | Temple   | Entered the Ecumenical Temple
  3624 | Temple   | Became a worshipper of Ru the Awakened
  3736 | D:6      | Reached skill level 8 in Shields
  4437 | D:7      | Gained mutation: You occasionally shout uncontrollably at your foes. [Ru sacrifice]
  4562 | D:7      | Reached XP level 9. HP: 60/78 MP: 8/8
  4676 | D:7      | Reached skill level 9 in Shields
  4888 | D:7      | Found a sacrificial altar of Ru.
  5301 | D:8      | Gained mutation: You have large cloven feet. [mutagenic meat]
  5302 | D:8      | Gained mutation: You are robust (+10% HP). [mutagenic meat]
  5303 | D:8      | Lost mutation: You have large cloven feet. [mutagenic meat]
  5304 | D:8      | Gained mutation: You are partially covered in large bone plates (AC +2, SH +2). [mutagenic meat]
  5340 | D:8      | Found a staircase to the Lair.
  5407 | D:8      | Reached skill level 10 in Shields
  5565 | D:8      | Killed from afar by an orc priest

Vault maps used:
D:1:      eino_arrival_tree_alley, st_stairs_7
D:2:      uniq_crazy_yiuf_cottage, uniq_jessica
D:3:      interstate_on_off, grunt_gozag_breadcrumbs
D:5:      serial_shops, shop, first_bread
D:6:      temple_fountains
D:7:      nicolae_ru_the_path_less_chosen
D:8:      dpeg_oklobed_lair, hangedman_pestilent_swarm,
          minmay_item_behind_shaft, minivault_25, serial_bayou_crossing
Temple:   grunt_circular_temple_18

Action                   |  1- 3 |  4- 6 |  7- 9 || total
-------------------------+-------+-------+-------++-------
Melee: Flail             |    69 |    72 |       ||   141
       Hammer            |       |   123 |   174 ||   297
       Morningstar       |       |       |   258 ||   258
Invok: Sacrifice Purity  |       |       |     1 ||     1
  Use: Potion            |     1 |       |     1 ||     2
       Scroll            |       |     2 |    13 ||    15
  Eat: Chunk             |       |     5 |    18 ||    23
